 Dungeon Crawl Stone Soup version 0.28.0-43-g3370ac3207 (webtiles) character file.

Game seed: 8278890328294954899

2281 Ablot the Magician (level 9, -6/69 HPs)
             Began as a Gnoll Warper on Mar 1, 2022.
             Was a Follower of Cheibriados.
             Mangled by a yak (10 damage)
             ... on level 5 of the Dungeon.
             The game lasted 00:14:29 (9670 turns).

Ablot the Magician (Gnoll Warper)                   Turns: 9670, Time: 00:14:30

Health: -6/69      AC:  8    Str: 17    XL:     9   Next: 39%
Magic:  2/6        EV: 14    Int: 21    God:    Cheibriados [*.....]
Gold:   391        SH:  5    Dex: 16    Spells: 19/21 levels left

rFire   + . .      SeeInvis .   a - +2 spear (antimagic)
rCold   . . .      Faith    .   (no shield)
rNeg    . . .      Spirit   .   F - +1 ring mail {rF+}
rPois   +          Reflect  +   l - +0 helmet
rElec   .          Harm     .   (no cloak)
rCorr   .          Rampage  .   (no gloves)
Will    .....                   (no boots)
Stlth   ++........              E - amulet of reflection
HPRegen 0.21/turn               v - +6 ring of intelligence
MPRegen 0.10/turn               z - ring of poison resistance

@: very slow
A: fangs 1, strong nose, distributed training
a: Renounce Religion, Bend Time


You were on level 5 of the Dungeon.
You worshipped Cheibriados.
Cheibriados was aware of your devotion.
You visited 2 branches of the dungeon, and saw 7 of its levels.

You collected 391 gold pieces.

Inventory:

Hand Weapons
 a - a +2 antimagic spear (weapon)
 g - a +1 whip of draining
 p - a +0 hunting sling
Missiles
 d - 3 boomerangs of dispersal
 f - 176 stones
 k - 5 poisoned darts (quivered)
 q - 43 arrows
 x - 42 bolts
 C - 10 sling bullets
Armour
 l - a +0 helmet (worn)
 F - a +1 ring mail of fire resistance (worn)
 G - a +0 buckler
Jewellery
 v - a +6 ring of intelligence (left hand)
 z - a ring of poison resistance (right hand)
 D - a ring of protection from fire
 E - an amulet of reflection (around neck)
 J - an amulet of faith
Wands
 o - a wand of mindburst (35)
 w - a wand of flame (2)
 H - a wand of iceblast (8)
 I - a wand of digging (6)
 M - a wand of polymorph (19)
Scrolls
 c - a scroll of enchant armour {unknown}
 e - 9 scrolls of identify {unknown}
 h - 4 scrolls of magic mapping {unknown}
 i - 3 scrolls of fog {unknown}
 j - 2 scrolls of silence {unknown}
 m - 3 scrolls of vulnerability {unknown}
 n - 3 scrolls of noise {unknown}
 r - a scroll of fear {unknown}
 s - 2 scrolls of amnesia {unknown}
 y - 8 scrolls of teleportation {unknown}
 A - 2 scrolls of holy word {unknown}
 L - 2 scrolls of enchant weapon {unknown}
Potions
 b - a potion of attraction {unknown}
 t - a potion of ambrosia {unknown}
 u - 2 potions of curing {unknown}
 B - a potion of resistance {unknown}
 K - a potion of mutation {unknown}


   Skills:
 + Level 6.3 Fighting
 + Level 4.2 Short Blades
 + Level 4.2 Long Blades
 + Level 4.2 Axes
 + Level 4.2 Maces & Flails
 + Level 6.3 Polearms
 + Level 4.2 Staves
 + Level 4.2 Slings
 + Level 4.2 Bows
 + Level 4.2 Crossbows
 + Level 5.0 Throwing
 + Level 5.0 Armour
 + Level 6.3 Dodging
 + Level 4.2 Stealth
 + Level 4.2 Shields
 + Level 4.2 Unarmed Combat
 + Level 6.6 Spellcasting
 + Level 3.4 Conjurations
 + Level 3.4 Hexes
 + Level 3.4 Summonings
 + Level 3.4 Necromancy
 + Level 6.5 Translocations
 + Level 3.4 Transmutations
 + Level 3.4 Fire Magic
 + Level 3.4 Ice Magic
 + Level 3.4 Air Magic
 + Level 3.4 Earth Magic
 + Level 3.4 Poison Magic
 + Level 4.6 Invocations
 + Level 4.2 Evocations


You had 19 spell levels left.
You knew the following spells:

 Your Spells              Type           Power      Damage    Failure   Level
a - Blink                 Tloc           68%        N/A       1%          2

Your spell library contained the following spells:

 Spells                   Type           Power      Damage    Failure   Level
 Gell's Gravitas          Tloc           34%        N/A       3%          3
 Lesser Beckoning         Tloc           34%        N/A       3%          3
 Teleport Other           Tloc           34%        N/A       3%          3
 Manifold Assault         Tloc           34%        N/A       30%         5
 Petrify                  Tmut/Erth      21%        N/A       36%         4
 Metabolic Englaciation   Hex/Ice        10%        N/A       71%         5
 Statue Form              Tmut/Erth      14%        N/A       99%         6


Dungeon Overview and Level Annotations

Branches:
Dungeon (6/15)             Temple (1/1) D:6

Altars:
Cheibriados
Elyvilon
Fedhas
Gozag
Hepliaklqana
Kikubaaqudgha
Okawaru
Qazlal
Sif Muna
Vehumet
Wu Jian
Xom
Zin
The Shining One

Shops:
D:1 (   D:3 [   D:6 :


Innate Abilities, Weirdness & Mutations

You have very sharp teeth.
Your uncanny sense of smell can sniff out nearby items.
Your experience applies equally to all skills.


Message History

You hit the yak but do no damage.
The yak is moderately wounded.
You block the yak's attack.
You hit the yak.
The yak is moderately wounded.
You hit the yak but do no damage.
The yak is moderately wounded.
You block the yak's attack.
You puncture the yak! You bite the yak, but do no damage.
The yak is heavily wounded.
You hit the yak.
The yak is severely wounded.
The yak barely misses you.
You barely miss the yak.
The yak is severely wounded.
You hit the yak.
The yak is severely wounded.
The yak gores you but does no damage.
You hit the yak.
The yak is almost dead.
You puncture the yak!
You kill the yak!
Your Throwing skill increases to level 5!
Your Armour skill increases to level 5!
Unknown command.
You hit the yak.
The yak is lightly wounded.
You block the yak's attack.
You puncture the yak!
The yak is moderately wounded.
Okay, then.
You puncture the yak!
The yak is heavily wounded.
The yak gores you.
* * * LOW HITPOINT WARNING * * *
Unknown command.
You hit the yak.
The yak is severely wounded.
The yak gores you!
You die...

#........# #.......# #....[>..#
#.......# #######.....)..#
#.......# #..............#
######### #..............#
###..............#
#.........##YY...#
#.........##Y###.#
#####.........##@# #.#
#.............##.# #.############
#........####....###............#
#........# #........#####...#...
#........# #........# #.#.#...
#........####........# #.#.#...
#........#...........### #.#.#...
#..[.....#.....#.##..[.###.#.#.).
#........#.......##.##.#.........


You could see 3 yaks.

Vanquished Creatures
  Sigmund (D:3)
  2 yaks (D:5)
  Edmund (D:5)
  A water moccasin (D:5)
  A sky beast (D:6)
  2 ice beasts
  A black bear (D:6)
  3 ogres (D:6)
  3 scorpions
  2 water moccasin zombies
  A bullfrog zombie (D:6)
  2 bullfrog skeletons (D:6)
  A centaur zombie (D:6)
  3 hounds
  A centaur skeleton (D:6)
  4 orc priests
  Natasha (thrice) (D:2)
  3 orc wizards
  A hound skeleton (D:4)
  10 adders
  A shadow imp (D:5)
  A white imp (D:5)
  2 ufetubi (D:5)
  An adder skeleton (D:2)
  A worm (D:4)
  5 dart slugs
  16 orcs
  2 ball pythons (D:1)
  5 bats
  5 endoplasms
  2 giant cockroaches
  7 hobgoblins
  5 quokkas
  3 frilled lizards
  4 goblins
  5 kobolds
  4 rats
115 creatures vanquished.

Vanquished Creatures (others)
  2 fungi (D:2)
  4 plants (D:2)
  4 toadstools (D:1)
10 creatures vanquished.

Grand Total: 125 creatures vanquished

Notes
Turn   | Place    | Note
-------+----------+-------------------------------------------
     0 | D:1      | Ablot the Gnoll Warper began the quest for the Orb.
     0 | D:1      | Reached XP level 1. HP: 20/20 MP: 6/6
   210 | D:1      | Reached XP level 2. HP: 24/26 MP: 7/7
   213 | D:1      | Learned a level 2 spell: Blink
   750 | D:1      | Found Zillidip's Antique Weapon Shoppe.
   795 | D:1      | Reached XP level 3. HP: 30/31 MP: 9/9
   973 | D:2      | Reached skill level 5 in Spellcasting
  1236 | D:2      | Found a faded altar of an unknown god.
  1296 | D:2      | Reached skill level 1 in Invocations
  1613 | D:2      | Reached skill level 1 in Short Blades
  1613 | D:2      | Reached skill level 1 in Long Blades
  1613 | D:2      | Reached skill level 1 in Axes
  1613 | D:2      | Reached skill level 1 in Maces & Flails
  1613 | D:2      | Reached skill level 1 in Staves
  1613 | D:2      | Reached skill level 1 in Slings
  1613 | D:2      | Reached skill level 1 in Bows
  1613 | D:2      | Reached skill level 1 in Crossbows
  1613 | D:2      | Reached skill level 1 in Stealth
  1613 | D:2      | Reached skill level 1 in Shields
  1613 | D:2      | Reached skill level 1 in Unarmed Combat
  1613 | D:2      | Reached skill level 1 in Evocations
  1613 | D:2      | Reached XP level 4. HP: 31/38 MP: 11/11
  2136 | D:3      | Noticed Sigmund
  2136 | D:3      | Noticed Natasha
  2153 | D:2      | Killed Natasha
  2154 | D:2      | Reached skill level 1 in Conjurations
  2154 | D:2      | Reached skill level 1 in Hexes
  2154 | D:2      | Reached skill level 1 in Summonings
  2154 | D:2      | Reached skill level 1 in Necromancy
  2154 | D:2      | Reached skill level 1 in Transmutations
  2154 | D:2      | Reached skill level 1 in Fire Magic
  2154 | D:2      | Reached skill level 1 in Ice Magic
  2154 | D:2      | Reached skill level 1 in Air Magic
  2154 | D:2      | Reached skill level 1 in Earth Magic
  2154 | D:2      | Reached skill level 1 in Poison Magic
  2313 | D:2      | Noticed Natasha
  2326 | D:2      | Killed Natasha
  2327 | D:2      | Reached XP level 5. HP: 34/43 MP: 4/12
  2414 | D:2      | Noticed Natasha
  2433 | D:2      | Killed Natasha
  2778 | D:3      | Found Sirof's Antique Armour Boutique.
  3715 | D:2      | Reached XP level 6. HP: 36/50 MP: 4/13
  4090 | D:3      | Reached skill level 5 in Fighting
  4090 | D:3      | Reached skill level 5 in Polearms
  4090 | D:3      | Reached skill level 5 in Dodging
  4418 | D:3      | Killed Sigmund
  4419 | D:3      | Reached XP level 7. HP: 56/56 MP: 5/15
  5486 | D:4      | Found a hazy altar of Hepliaklqana.
  5489 | D:4      | Found an ancient bone altar of Kikubaaqudgha.
  5855 | D:4      | Found a snail-covered altar of Cheibriados.
  6023 | D:4      | Became a worshipper of Cheibriados the Contemplative
  6098 | D:5      | Entered Level 5 of the Dungeon
  6206 | D:5      | Reached XP level 8. HP: 48/63 MP: 5/16
  6305 | D:5      | Noticed Edmund
  6360 | D:5      | Killed Edmund
  7945 | D:6      | Noticed a yak
  7945 | D:6      | Noticed a yak
  7945 | D:6      | Noticed a yak
  7945 | D:6      | Noticed a yak
  7945 | D:6      | Noticed a yak
  7945 | D:6      | Noticed a yak
  8328 | D:6      | Found Jamoxkus's Book Emporium.
  8352 | D:6      | Reached * piety under Cheibriados
  8496 | D:6      | Reached XP level 9. HP: 33/69 MP: 6/18
  8678 | D:6      | Found a glowing silver altar of Zin.
  8957 | D:6      | Found a radiant altar of Vehumet.
  9066 | D:6      | Found a staircase to the Ecumenical Temple.
  9112 | Temple   | Entered the Ecumenical Temple
  9667 | D:5      | Reached skill level 5 in Throwing
  9667 | D:5      | Reached skill level 5 in Armour
  9670 | D:5      | Mangled by a yak

Illustrated notes

Levels and vault maps discovered:
D:1:      ldierk_walled_garden_2, layout_rooms, serial_forest,
          infiniplex_forest_zigzag_1, infiniplex_forest_lined_3_way,
          infiniplex_forest_end_3, infiniplex_forest_lined_2,
          infiniplex_forest_clump_medium, infiniplex_forest_lined_ring,
          serial_shops, shop
D:2:      layout_loops_cross, shapermc_ecumenical_altar_mp_urbaneastern
D:3:      layout_basic, serial_shops, shop, serial_bayou_pond_b, uniq_sigmund,
          uniq_natasha
D:4:      cheibrodos_quashed, layout_rooms, lemuel_coloured_pillars_altar,
          nicolae_overflow_hidden_temple, nicolae_elevator_lobby_plus
D:5:      layout_basic, uniq_edmund
D:6:      layout_layer_cave, mainiacjoe_overflow_catwalk, old_standard_altar,
          minmay_temple_entry_trees, serial_shops, shop, serial_glass,
          glass_columns_a, glass_columns_a, feat_on_display, feat_on_display,
          feat_on_display
Temple:   compressed_dpeg_triangle_lava_temple

Skill      XL: |  1  2  3  4  5  6  7  8  9 |
---------------+----------------------------+-----
Spellcasting   | 5 6 |  6.6
Invocations    | 1 2 3 4 |  4.6
Short Blades   | 1 2 3 4 |  4.2
Long Blades    | 1 2 3 4 |  4.2
Axes           | 1 2 3 4 |  4.2
Maces & Flails | 1 2 3 4 |  4.2
Staves         | 1 2 3 4 |  4.2
Slings         | 1 2 3 4 |  4.2
Bows           | 1 2 3 4 |  4.2
Crossbows      | 1 2 3 4 |  4.2
Stealth        | 1 2 3 4 |  4.2
Shields        | 1 2 3 4 |  4.2
Unarmed Combat | 1 2 3 4 |  4.2
Evocations     | 1 2 3 4 |  4.2
Conjurations   | 1 2 3 |  3.4
Hexes          | 1 2 3 |  3.4
Summonings     | 1 2 3 |  3.4
Necromancy     | 1 2 3 |  3.4
Transmutations | 1 2 3 |  3.4
Fire Magic     | 1 2 3 |  3.4
Ice Magic      | 1 2 3 |  3.4
Air Magic      | 1 2 3 |  3.4
Earth Magic    | 1 2 3 |  3.4
Poison Magic   | 1 2 3 |  3.4
Throwing       | 3 4 5 |  5.0
Armour         | 3 4 5 |  5.0
Fighting       | 5 6 |  6.3
Polearms       | 5 6 |  6.3
Dodging        | 5 6 |  6.3
Translocations | 6 |  6.5

Action                   |  1- 3 |  4- 6 |  7- 9 || total
-------------------------+-------+-------+-------++-------
Melee: Spear             |    17 |   146 |   484 ||   647
       Whip              |    81 |    25 |       ||   106
       Bite              |     7 |    22 |    70 ||    99
       Punch             |     1 |     2 |     9 ||    12
Throw: Boomerang         |       |     2 |       ||     2
       Dart              |       |     2 |     8 ||    10
 Cast: Blink             |       |       |     9 ||     9
Invok: Bend Time         |       |       |     2 ||     2
Evoke: Wand              |       |     2 |     6 ||     8
  Use: Scroll            |       |       |     1 ||     1
 Stab: Distracted        |     1 |     1 |     1 ||     3
       Sleeping          |       |     1 |     3 ||     4
Armor: Leather armour    |    25 |    38 |    10 ||    73
       Scale mail        |       |       |    37 ||    37
       Ring mail         |       |       |    96 ||    96
Dodge: Dodged            |    72 |    95 |   238 ||   405
Block: Other             |       |       |    92 ||    92
